[Event "*** Titled Tuesday Blitz"]
[Site "Chess.com"]
[Date "2018.12.04"]
[Round "2"]
[White "StanislavNovikov"]
[Black "Berardino"]
[Result "0-1"]
[WhiteElo "2466"]
[BlackElo "2401"]
[TimeControl "180+2"]
[EndTime "13:24:11 PST"]
[Termination "Berardino won by resignation"]

1. g3 d5 2. Bg2 c6 3. d3 e5 4. Nd2 Nf6 5. c3 Be7 6. Qc2 O-O 7. Ngf3 Qc7 8. O-O Re8 9. b3 Bf8 10. e4 dxe4 11. dxe4 a5 12. a3 b6 13. Bb2 Ba6 14. Rfe1 Nbd7 15. b4 axb4 16. cxb4 c5 17. a4 b5 18. Bf1 Qb7 19. bxc5 Bxc5 20. Nb3 Bf8 21. axb5 Bxb5 22. Rxa8 Rxa8 23. Nxe5 Bxf1 24. Nxd7 Nxd7 25. Kxf1 Rb8 26. Re3 h5 27. Kg1 h4 28. Bd4 h3 29.
Nd2 Qa6 30. Nf1 Rc8 31. Rc3 Re8 32. f3 Qd6 33. Bf2 Ne5 34. Qe2 Qf6 35. Rb3 Rd8 36. f4 Nc6 37. e5 Qf5 38. Qf3 Ne7 39. Qe2 Ng6 40. Qf3 Be7 41. Be3 Qe6 42. f5 Qxb3 43.
fxg6 fxg6 44. Qg4 Rf8 45. Qxh3 Qd5 46. Qg2 Qc4 47. h4 Bc5 48. Bxc5 Qxc5+ 49. Kh1 Qxe5 50. Nh2 Qe1+ 51. Qg1 Qe4+ 52. Qg2 Qb1+ 53. Qg1 Qb3 54. Kg2 Qd5+ 55. Kh3 Rc8 56. Ng4 Qf5 57. Qe3 Rc4 58. Qe2 Re4 59. Qd1 Kh7 60. Kg2 Qxg4 61. Qd3 0-1

[Event "*** Titled Tuesday Blitz"]
[Site "Chess.com"]
[Date "2018.12.04"]
[Round "2"]
[White "Vuk2000"]
[Black "xamax2000"]
[Result "1-0"]
[WhiteElo "2656"]
[BlackElo "2480"]
[TimeControl "180+2"]
[EndTime "13:24:12 PST"]
[Termination "Vuk2000 won by resignation"]

1. d4 Nf6 2. Bg5 c5 3. Bxf6 gxf6 4. dxc5 Qa5+ 5. c3 Qxc5 6. g3 d5 7. Bg2 e6 8. Nd2 Qc7 9. e4 dxe4 10. Nxe4 Be7 11. Ne2 Nc6 12. O-O b6 13. Nd4 Bb7 14. Nb5 Qb8 15. Qa4 a6 16. Nd4 b5 17. Nxc6 bxa4 18. Nxb8 Rxb8 19. b3 f5 20. Nd2 Bg5 21.
Nc4 Bxg2 22. Kxg2 Bf6 23. Rfc1 Ke7 24. Rab1 Rhc8 25. Kf3 Bg5 26. Rd1 Bf6 27. Ke2 Bxc3 28. Rbc1 Bf6 29. Na5 Bc3 30. Nc4 axb3 31. Rxc3 bxa2 32.
Ra1 Rb4 33. Kd3 Ra4 34. Ne3 Rxc3+ 35. Kxc3 Kf6 36. Kb3 Ra5 37. Rxa2 Rxa2 38. Kxa2 Ke5 39. Nc2 Ke4 40. Ne1 e5 41. Kb3 Kd4 42. Nf3+ Kd5 43.
Ng5 h5 44. Nxf7 Ke4 45. Ng5+ Kd3 46. Nf7 e4 47. Nd6 Ke2 48. Nxf5 Kxf2 49. Kc3 Kg2 50. Kd4 a5 51. Kxe4 a4 52. h4 Kh2 53. Kf4 a3 54. Nd4 a2 55. Nb3 Kg2 56. g4 hxg4 57.
Kxg4 Kf2 58. h5 Ke3 59. h6 Kd3 60. h7 Kc3 61. h8=Q+ Kxb3 62. Qa1 Ka3 63. Kf4 Kb3 1-0

[Event "*** Titled Tuesday Blitz"]
[Site "Chess.com"]
[Date "2018.12.04"]
[Round "2"]
[White "Godzillator"]
[Black "Alex_Terzi"]
[Result "0-1"]
[WhiteElo "2382"]
[BlackElo "2452"]
[TimeControl "180+2"]
[EndTime "13:24:13 PST"]
[Termination "Alex_Terzi won by checkmate"]

1. d4 e6 2. c4 Nf6 3. Nc3 d5 4. cxd5 exd5 5. Bg5 Be7 6. e3 O-O 7. Bd3 Nbd7 8. Qc2 c6 9. Nf3 Re8 10. O-O Nf8 11. h3 Ne4 12. Bf4 Nf6 13. Rab1 a5 14.
a3 Ng6 15. Bh2 Nd7 16. b4 axb4 17. axb4 b5 18. Ne2 Bb7 19. Ne5 Ndxe5 20. dxe5 Ra4 21.
Nd4 Qb6 22. Qc3 Bf8 23. f4 Ra2 24. Rfc1 Nh4 25. Bf1 h6 26. Bg3 Ng6 27. Bf2 Ne7 28. Rb2 Rea8 29. Rxa2 Rxa2 30. Ra1 Qa7 31. Rxa2 Qxa2 32.
f5 Qb1 33. f6 Ng6 34. Nxc6 Bxc6 35. Qxc6 Nxe5 36. Qxd5 Nc4 37. fxg7 Bxg7 38. Qxb5 Nd2 39. Qd3 Qxb4 40. Be2 Ne4 41. Bf3 Nxf2 42. Kxf2 Qb2+ 43. Be2 Qf6+ 44. Kg1 Qa1+ 45. Bf1 Qc3 46. Qe2 Bf8 47. g3 Bc5 48. Kf2 Qf6+ 49. Kg2 Qe5 50. e4 Qd4 51. Kf3 Qc3+ 52. Kg4 Bd6 53. Qf2 h5+ 54. Kxh5 Bxg3 55. Qf5 Qh8+ 56. Kg4 Qh4+ 57. Kf3 Bd6 58. Bc4 Qg3+ 59. Ke2 Qg2+ 60. Kd3 Qg3+ 61. Kd4 Qg1+ 62.
Kc3 Qa1+ 63. Kd3 Qd1+ 64. Ke3 Bc5+ 65. Qxc5 Qg1+ 66. Kf4 Qxc5 67. Bd5 Qf2+ 68. Kg4 Qg2+ 69. Kh4 Kg7 70. Bb7 f5 71. Kh5 fxe4 72. Bxe4 Qxe4 73. h4 Qg6# 0-1

[Event "*** Titled Tuesday Blitz"]
[Site "Chess.com"]
[Date "2018.12.04"]
[Round "2"]
[White "Antipov_Mikhail_Al"]
[Black "CaptainCasanova"]
[Result "0-1"]
[WhiteElo "2789"]
[BlackElo "2653"]
[TimeControl "180+2"]
[EndTime "13:24:16 PST"]
[Termination "CaptainCasanova won by resignation"]

1. e4 e5 2. Nf3 Nc6 3. Bb5 a6 4. Ba4 Nf6 5. O-O b5 6. Bb3 Bb7 7. Re1 Bc5 8. c3 O-O 9. d3 d6 10. h3 Bb6 11. Nbd2 Ne7 12. Nf1 Ng6 13. Ng3 h6 14. Nf5 Bc8 15. g4 Be6 16. Bc2 Nh7 17. d4 Ng5 18. Kh2 Bxf5 19. gxf5 Nf4 20. Bxf4 exf4 21.
Rg1 c5 22. Nxg5 hxg5 23. Qh5 cxd4 24. Rxg5 dxc3 25. Rxg7+ Kxg7 26. Rg1+ Kf6 27. e5+ Kxe5 28. f6+ Kxf6 29. Qg5+ Ke6 30. Qf5+ Ke7 31. Re1+ Be3 32. fxe3 f3 33. Be4 Rc8 34. bxc3 Rc5 35. Qxf3 Re5 36.
Rf1 f6 37. Bd5 Qb6 38. Rg1 Qxe3 39. Rg7+ Kd8 40. Qxe3 Rxe3 41. Ra7 Rfe8 42. Rxa6 Kc7 43. Rc6+ Kd7 44. h4 Re2+ 45. Kg3 R8e3+ 46. Kf4 Re5 47.
Bf3 Rf2 48. Rb6 Rxa2 49. h5 Rh2 50. Rb7+ Ke6 51. Bg4+ f5 52. Bf3 Rc5 53. Kg3 Ra2 54.
h6 Rxc3 55. Rg7 Ra8 56. h7 Rh8 57. Kf4 Kf6 58. Rb7 Kg6 59. Rxb5 Rc4+ 60. Kg3 Rxh7 61. Bd5 Rc5 0-1

[Event "*** Titled Tuesday Blitz"]
[Site "Chess.com"]
[Date "2018.12.04"]
[Round "2"]
[White "grzechu96"]
[Black "alishersuleymenov"]
[Result "1/2-1/2"]
[WhiteElo "2529"]
[BlackElo "2484"]
[TimeControl "180+2"]
[EndTime "13:24:21 PST"]
[Termination "Game drawn by repetition"]

1. e4 c5 2. Nf3 Nc6 3. Bb5 d6 4.
O-O Bd7 5. Re1 Nf6 6. c3 a6 7. Bc4 Bg4 8. d4 cxd4 9. cxd4 Bxf3 10. gxf3 e5 11. d5 Nb8 12. f4 Be7 13. Nc3 O-O 14. Qf3 Nbd7 15. f5 b5 16. Bf1 Qc7 17. Be3 b4 18. Na4 Qc2 19. Nb6 Nxb6 20. Bxb6 Qxb2 21. Reb1 Qc3 22. Qxc3 bxc3 23. f3 Rfc8 24. Ba5 Nd7 25. Rc1 Bd8 26. Bxd8 Rxd8 27. Rxc3 Nc5 28. Rb1 Rdb8 29.
Rcc1 Kf8 30. Kf2 Ke7 31. Ke3 Kd8 32. Be2 Kc7 33. Rxb8 Rxb8 34. Bxa6 Rb2 35. Be2 Rxa2 36. Rg1 g6 37. fxg6 hxg6 38. h4 Ra3+ 39. Kf2 Ra8 40.
h5 gxh5 41. Rg7 Rh8 42. Rxf7+ Kd8 43. Bf1 h4 44. Bh3 Nd3+ 45. Kg2 Nf4+ 46. Kh2 Rh6 47. Rg7 Ke8 48. Bg4 Kf8 49. Rd7 h3 50. Be6 Rg6 51. Bg4 Rh6 52. Bf5 Ke8 53. Bg4 Kf8 54. Be6 Rg6 55. Bg4 Rh6 56. Be6 Rg6 57. Bg4 Rh6 1/2-1/2

[Event "*** Titled Tuesday Blitz"]
[Site "Chess.com"]
[Date "2018.12.04"]
[Round "2"]
[White "Hrant_ChessMood"]
[Black "Samuray111"]
[Result "1-0"]
[WhiteElo "2943"]
[BlackElo "2601"]
[TimeControl "180+2"]
[EndTime "13:24:23 PST"]
[Termination "Hrant_ChessMood won by resignation"]

1. e4 c6 2. d4 d5 3. exd5 cxd5 4.
Nf3 Nf6 5. c3 Nc6 6. Bf4 Qb6 7.
Qb3 Bg4 8. Nbd2 e6 9. Bb5 Bxf3 10. Nxf3 Be7 11. Ne5 Rc8 12. O-O O-O 13. Rfe1 Nxe5 14. Bxe5 a6 15. Bd3 Qxb3 16. axb3 Ne8 17. Bf4 Nd6 18. g3 Rc6 19. Kg2 g6 20. h4 h5 21.
Re2 Rb6 22. Bc2 Rc8 23. f3 Rbc6 24. Rh1 Nf5 25. Bd3 Bd6 26. Bxd6 Rxd6 27. g4 Ng7 28. Kg3 Kf8 29. Rhe1 Rb6 30. b4 Ke7 31. Ra1 Rh8 32. Ra5 Ne8 33. Rxd5 hxg4 34. fxg4 Nd6 35. Rc5 Kd7 36. Rce5 Ne8 37. d5 Nc7 38. dxe6+ Rxe6 39. Bc4 Rxe5 40. Rxe5 f6 41. Re2 Kd6 42. Bf7 g5 43. h5 Rh7 44. Bg6 Rh8 45. Bf5 Nd5 46. Re6+ Kc7 47.
Kf3 b5 48. Be4 Nf4 49. Rxf6 Rd8 50. h6 Kd7 51. h7 Ke7 52. Rxa6 Rh8 53. Rb6 Kf7 54.
Rxb5 Kg7 55. Rxg5+ Kh6 56. Kxf4 Rf8+ 57. Bf5 Rh8 58.
Rg8 Rxg8 59. g5+ Kh5 60. Bg4+ Kh4 61. Be6 Rf8+ 62. Ke5 Kxg5 63. Bg8 Rf5+ 64. Kd6 Rf6+ 65. Kc7 Rh6 66. b5 Kf6 67. b6 Kg7 68. b7 Kh8 69. b8=Q Rf6 70. Bd5+ Kg7 71. h8=Q+ Kg6 72. Qbe8+ Kf5 73. Qh3+ 1-0

[Event "*** Titled Tuesday Blitz"]
[Site "Chess.com"]
[Date "2018.12.04"]
[Round "2"]
[White "SARGISMV"]
[Black "enriquetejedor"]
[Result "1/2-1/2"]
[WhiteElo "2420"]
[BlackElo "2523"]
[TimeControl "180+2"]
[EndTime "13:24:25 PST"]
[Termination "Game drawn - insufficient material"]

1. d4 Nf6 2. c4 e6 3. Nc3 d5 4.
cxd5 exd5 5. Bg5 c6 6. e3 Be7 7. Bd3 O-O 8. Nf3 Nbd7 9. Qc2 Re8 10. O-O Nf8 11. h3 g6 12. Rab1 Ne6 13. Bh4 Ng7 14.
b4 a6 15. a4 Bf5 16. Bxf5 Nxf5 17. Bxf6 Bxf6 18. b5 axb5 19. axb5 Rc8 20. bxc6 bxc6 21. Na4 Rxe3 22. fxe3 Nxe3 23. Qd3 Nxf1 24. Rxf1 Qd6 25. Nc5 Re8 26. Re1 Rxe1+ 27. Nxe1 Kg7 28. Qe3 h6 29. Nf3 Qg3 30. Nd3 Qb8 31. Nfe5 Qb1+ 32. Kh2 Qb8 33. Qf4 Qc7 34. h4 Qd6 35. Nc5 Qe7 36. Nxc6 Qe1 37. Ne5 Qxh4+ 38. Qxh4 Bxh4 39. Ncd3 Bf6 40. Nf4 Bxe5 41. dxe5 d4 42. Kg3 f6 43. e6 g5 44.
Nd5 f5 45. Kf3 h5 46. Ke2 h4 47. Kd3 f4 48. Kxd4 f3 49. Ke3 fxg2 50. Kf2 h3 51. Kg1 g4 52. Kh2 Kf8 53. Ne3 g3+ 54. Kg1 Ke7 55.
Nf5+ Kxe6 56. Nxg3 Ke5 57. Ne2 Ke4 58. Kh2 Ke3 59.
Ng1 Kf2 60. Nxh3+ Kf3 61. Ng1+ Kf2 62. Nh3+ Kf1 63. Ng1 Kf2 64. Nh3+ Ke3 65. Kxg2 1/2-1/2

[Event "*** Titled Tuesday Blitz"]
[Site "Chess.com"]
[Date "2018.12.04"]
[Round "2"]
[White "johnathan113"]
[Black "Supernotar"]
[Result "1-0"]
[WhiteElo "2535"]
[BlackElo "2380"]
[TimeControl "180+2"]
[EndTime "13:24:34 PST"]
[Termination "johnathan113 won by checkmate"]

1. d4 d5 2. Nc3 Nf6 3. Bf4 Nbd7 4.
Nb5 e5 5. dxe5 a6 6. exf6 axb5 7.
fxg7 Bxg7 8. Qxd5 Bxb2 9. Rd1 Bc3+ 10. Bd2 Bg7 11. e4 O-O 12. Nf3 c6 13. Qh5 Nf6 14.
Qh4 Rxa2 15. Bh6 Qa5+ 16. Bd2 Qa4 17. Bd3 c5 18. Bh6 c4 19. Bxg7 Ne8 20. Bc3 f6 21. O-O cxd3 22. Rxd3 Qxc2 23. Ne1 Qe2 24. Rg3+ Kh8 25. e5 Be6 26. exf6 Bf7 27. Rg7 Qh5 28.
Qxh5 Bxh5 29. Rxb7 Bf7 30. Rxb5 h6 31. Rb7 Kg8 32. Nf3 Bc4 33. Re1 Nxf6 34. h3 Re2 35. Rxe2 Bxe2 36. Nd4 Bd3 37. Ne6 Rf7 38. Rb8+ Kh7 39. Nf8+ Kg7 40. Ne6+ Kg6 41. g4 Bc4 42. Nf4+ Kh7 43. Kg2 Ng8 44. Nh5 Bd5+ 45. Kf1 Bc4+ 46. Ke1 Re7+ 47. Kd1 Rc7 48. Kd2 Rd7+ 49. Kc2 Bf7 50.
Ng3 Bg6+ 51. Kb3 Rf7 52. Bd4 Rf3+ 53. Kc4 Bf7+ 54. Kc5 Kg6 55. Rb6+ Kh7 56. Rb7 Kg6 57. h4 Rf4 58. h5+ Kh7 59. Nf5 Rxf5+ 60. gxf5 Nf6 61.
Rxf7+ Kg8 62. Rxf6 Kh7 63. Kd6 Kg8 64. Ke7 Kh7 65. Rf7+ Kg8 66. Rf8+ Kh7 67. Rh8# 1-0

[Event "*** Titled Tuesday Blitz"]
[Site "Chess.com"]
[Date "2018.12.04"]
[Round "2"]
[White "LawrenceTrent"]
[Black "Grieve72"]
[Result "1-0"]
[WhiteElo "2472"]
[BlackElo "2315"]
[TimeControl "180+2"]
[EndTime "13:24:38 PST"]
[Termination "LawrenceTrent won by resignation"]

1. e4 d6 2. d4 Nf6 3. Nc3 Nbd7 4. Nf3 e5 5. g4 d5 6. exd5 e4 7. Nd2 Bb4 8. g5 Bxc3 9. bxc3 Nxd5 10. Nxe4 Qe7 11.
Qe2 O-O 12. c4 Re8 13. cxd5 Qxe4 14. Qxe4 Rxe4+ 15. Be3 Nb6 16. Bd3 Re7 17. c4 Bh3 18. Rg1 Rae8 19. Kd2 Nc8 20. c5 Rd8 21. Rg3 Bd7 22.
h4 Ba4 23. Rb1 b6 24. Bc4 bxc5 25. dxc5 Bc6 26. Kc3 Bxd5 27. Bxd5 Rxd5 28. Rb8 Re8 29. Rg4 Kf8 30. Ra4 Ne7 31. Rxe8+ Kxe8 32. Rxa7 Kd7 33. Kc4 Rd1 34. Bf4 Nd5 35. Be5 f6 36. gxf6 gxf6 37. Bd4 Ne7 38. Bxf6 Nc6 39. Ra3 Ke6 40. Bg5 Rf1 41. f4 Rc1+ 42. Rc3 Ra1 43. a3 Rd1 44. Kb5 Kd5 45. f5 Nd4+ 46. Ka6 Nxf5 47.
Kb7 c6 48. Rb3 Nd4 49. Rc3 Rf1 50. a4 Rf7+ 51. Kb6 Ne6 52. a5 Nf8 53. a6 Nd7+ 54. Ka5 Nxc5 55. Be3 Ne4 56. Rb3 Nd6 57. Rd3+ Ke6 58.
Kb6 Nc4+ 59. Kc5 Na5 60. Ra3 Nb7+ 61. axb7 Rxb7 62. Kxc6 Rb4 63. Bg5 h6 64. Re3+ Kf5 65. Be7 h5 66. Bxb4 1-0

[Event "*** Titled Tuesday Blitz"]
[Site "Chess.com"]
[Date "2018.12.04"]
[Round "2"]
[White "dyziotomi99"]
[Black "Hikaru"]
[Result "0-1"]
[WhiteElo "2606"]
[BlackElo "3039"]
[TimeControl "180+2"]
[EndTime "13:24:40 PST"]
[Termination "Hikaru won by resignation"]

1. e4 e6 2. d4 d5 3. Nd2 b6 4. Ngf3 Nf6 5. Bd3 c5 6. exd5 Qxd5 7. O-O Bb7 8. c4 Qd8 9. Nb3 cxd4 10. Nbxd4 Bc5 11. Nb3 Be7 12. Qe2 Qc7 13. Ne5 Nbd7 14. Nxd7 Nxd7 15. Be4 Rc8 16. Bxb7 Qxb7 17. Bf4 O-O 18.
Rfd1 a5 19. Nd4 Nc5 20. Nb5 Rfd8 21. Rxd8+ Rxd8 22. Rd1 Rxd1+ 23. Qxd1 Qe4 24. Bd6 Bf6 25. b3 Nd3 26. Bc7 h5 27. Bxb6 Nf4 28. f3 Qg6 29. g3 h4 30. Bf2 Nd3 31. Qe2 Nc1 32. Qe4 Qxe4 33. fxe4 Nxa2 34. Be1 Nc1 35. Bxa5 Nxb3 36.
Bc3 Be7 37. Kg2 Kf8 38. Kf3 h3 39. Kg4 Nc5 40. e5 Na4 41. Bd4 Bc5 42. Kxh3 Bxd4 43. Nxd4 Nb2 44. c5 Nd3 45. c6 Ke8 46. Nf3 Kd8 47. Kg4 Kc7 48. h4 Kxc6 49. h5 Kd5 50. Kg5 Nxe5 51. Nh4 f6+ 52. Kf4 Nf7 53. Ng6 e5+ 54. Ke3 Nh6 55. Nh4 Ke6 56. Kf3 f5 57. Ng6 Kf6 58. Nf8 Nf7 59. Nh7+ Ke6 60. Nf8+ Kd5 61.
Ke3 Nh6 62. Ng6 Ng4+ 63. Kf3 Nf6 64. Ne7+ Ke6 65. Ng6 Nxh5 66. g4 fxg4+ 67. Kxg4 Nf6+ 68. Kf3 Kf5 69. Ne7+ Kg5 70. Nc6 Kf5 71. Ne7+ Ke6 72. Ng6 Ne8 73. Ke3 Nd6 74. Nf8+ Kf5 75. Nd7 g5 76.
Nb6 e4 77. Nd5 Ke5 78. Ne7 Nf5+ 0-1

[Event "*** Titled Tuesday Blitz"]
[Site "Chess.com"]
[Date "2018.12.04"]
[Round "2"]
[White "AndrBaryshpolets"]
[Black "Thjop"]
[Result "1-0"]
[WhiteElo "2564"]
[BlackElo "2664"]
[TimeControl "180+2"]
[EndTime "13:24:45 PST"]
[Termination "AndrBaryshpolets won by resignation"]

1. d4 Nf6 2. c4 g6 3. Nc3 Bg7 4. g3 O-O 5. Bg2 d6 6. Nf3 Nc6 7.
O-O a6 8. d5 Na5 9. Nd2 c5 10.
Rb1 b5 11. cxb5 axb5 12. Nxb5 Bf5 13. e4 Bc8 14. Re1 Ba6 15. Bf1 Qb6 16. a4 Rfc8 17. b3 Nd7 18. Nc4 Qd8 19. Bd2 Nb7 20. Qc2 Bxb5 21.
axb5 Rcb8 22. Bc3 Bxc3 23. Qxc3 Na5 24. f4 Rxb5 25. Nxd6 Rb4 26. Nc4 Rab8 27. Nxa5 Qxa5 28.
Bc4 Qc7 29. e5 Nb6 30. Rbd1 Nxc4 31. bxc4 Rb3 32. Qc1 Rb2 33. Qe3 R8b3 34. Rd3 Rxd3 35. Qxd3 Qa5 36. Re2 Qa1+ 37. Kg2 Rxe2+ 38. Qxe2 Qd4 39.
Kf3 Kg7 40. Qe4 Qd1+ 41. Kg2 Qd2+ 42. Kh3 h5 43. Qf3 Qd4 44. Qe2 Qc3 45. Kg2 Qd4 46.
Qc2 Qe3 47. h4 Qd4 48. Qe2 Kh7 49.
Kh2 Kg7 50. Kg2 Kh7 51. Kh1 Kg7 52. Kh2 Kh7 53. f5 Kg7 54. fxg6 fxg6 55. Kg2 Kh7 56.
Kh2 Kg7 57. Kh1 Kh7 58. Kg2 Kg7 59. Kh2 Kh7 60. e6 Kg7 61. Qf3 Qxc4 62. Qf7+ Kh6 63. Qf8+ Kh7 64. Qxe7+ Kh6 65. Qf8+ Kh7 66. Qf7+ Kh6 67.
Qf4+ Qxf4 68. gxf4 Kg7 69. Kg3 Kf6 70. Kf3 Ke7 71. Ke3 Kd6 72. Ke4 c4 73. Kd4 c3 74.
Kxc3 Kxd5 75. e7 Ke6 76. e8=Q+ Kf5 77. Qe5+ Kg4 78. Qg5+ 1-0

[Event "*** Titled Tuesday Blitz"]
[Site "Chess.com"]
[Date "2018.12.04"]
[Round "2"]
[White "abubakrtagelsir"]
[Black "b_6"]
[Result "1-0"]
[WhiteElo "2289"]
[BlackElo "2401"]
[TimeControl "180+2"]
[EndTime "13:24:51 PST"]
[Termination "abubakrtagelsir won by resignation"]

1. e4 e6 2. d4 d5 3. Nc3 Bb4 4. e5 Ne7 5. a3 Bxc3+ 6. bxc3 c5 7.
Qg4 O-O 8. Bd3 f5 9. exf6 Rxf6 10. Bg5 Rf7 11. Qh5 g6 12. Qd1 Qa5 13. Bd2 Nbc6 14. Nf3 e5 15. c4 Qa4 16. cxd5 Nxd5 17. c4 Qxd1+ 18. Rxd1 Nf4 19. Bxf4 Rxf4 20. d5 e4 21. dxc6 exf3 22. g3 Rf7 23. O-O bxc6 24. Be4 Be6 25.
Bxc6 Rc8 26. Bd5 Bxd5 27. Rxd5 Re7 28. h3 Kf7 29. g4 Re4 30. Rc1 Ke6 31. Rd3 Rf8 32.
Kh2 Rff4 33. Kg3 Rxc4 34. Rxc4 Rxc4 35. Kxf3 a5 36. Kg3 a4 37. f3 Rc1 38. Re3+ Kf6 39.
h4 Rb1 40. Kf4 Rb3 41. g5+ Kf7 42. Re5 c4 43. Rc5 c3 44. Ke5 Rxa3 45. Rc7+ Ke8 46. Kd6 Kd8 47. Rxh7 Kc8 48. Ra7 Ra1 49. Rc7+ Kb8 50.
Rxc3 a3 51. Rb3+ Kc8 52. Rc3+ Kb7 53. Rb3+ Kc8 54. Ke6 Re1+ 55. Kf6 a2 56. Ra3 a1=Q+ 57. Rxa1 Rxa1 58. Kxg6 Ra6+ 59. Kf7 Ra7+ 60. Kf8 Rh7 61. g6 Rxh4 62. g7 Rf4+ 63. Ke7 Rxf3 64. g8=Q+ Kc7 65. Qc4+ Kb6 66. Qb4+ Ka7 67. Qa5+ Kb8 68. Qb6+ Kc8 69. Qc6+ 1-0

[Event "*** Titled Tuesday Blitz"]
[Site "Chess.com"]
[Date "2018.12.04"]
[Round "2"]
[White "1stSecond"]
[Black "ajkom197"]
[Result "1/2-1/2"]
[WhiteElo "2620"]
[BlackElo "2377"]
[TimeControl "180+2"]
[EndTime "13:25:11 PST"]
[Termination "Game drawn by agreement"]

1. c4 e6 2. Nf3 Nf6 3. g3 Be7 4. Bg2 O-O 5. O-O b6 6. d4 Bb7 7.
Nc3 Ne4 8. Bd2 d6 9. Rc1 Nd7 10. d5 Nxd2 11. Qxd2 e5 12. Ne1 f5 13. Nd3 a5 14. a3 Nc5 15. Qc2 Nxd3 16. Qxd3 Bc8 17. b4 axb4 18. axb4 Bd7 19. Ra1 Qe8 20. Nb5 Bxb5 21.
cxb5 Bf6 22. Ra6 Qd7 23. e4 f4 24. Rfa1 Rae8 25. Qf1 g5 26. Ra7 g4 27. Qc4 fxg3 28.
hxg3 Bd8 29. Qe2 Rf7 30. Ra8 Ref8 31. Rb8 Kg7 32. Raa8 Bg5 33. Rxf8 Rxf8 34. Rxf8 Kxf8 35. Bf1 h5 36. Qc2 Kg7 37. Be2 Qe7 38. Qc6 Qd8 39. Kg2 Qe7 40. Qc3 Qd8 41. f3 gxf3+ 42. Qxf3 h4 43. Qh5 hxg3 44. Bg4 Qf6 45. Bf5 Qh6 46. Qxh6+ Bxh6 47. Kxg3 Kf6 48. Bd7 Bd2 49. Bc6 Bxb4 50. Kf3 Kg5 51. Bd7 Kh4 52. Bc8 Bc5 53. Bd7 Bb4 54.
Bc8 Ba5 55. Bd7 Be1 56. Bc8 Bd2 57. Bd7 Bb4 58. Bc8 Bc5 59. Bd7 Kg5 60. Bc8 Kf6 61.
Bd7 Ke7 62. Bc6 Kd8 63. Kg4 Ke7 64. Kf3 Bb4 65. Kg4 Bc5 66. Bb7 Kf6 67. Bc6 Kg7 68.
Bb7 Kf7 69. Kf5 Ke7 70. Bc6 Bb4 71. Bb7 Kf7 72. Kg5 Kg7 73. Kh5 Kf6 74. Bc6 Bd2 75. Bb7 Ke7 76. Bc6 Kd8 77. Kg6 Bc3 78. Kf7 Bb4 79. Bb7 Be1 80. Bc6 Bh4 81. Kf8 Kc8 82. Ke8 Bg5 1/2-1/2

[Event "*** Titled Tuesday Blitz"]
[Site "Chess.com"]
[Date "2018.12.04"]
[Round "2"]
[White "DeviatkinAndrey"]
[Black "Bryakin_Mikhail"]
[Result "1-0"]
[WhiteElo "2666"]
[BlackElo "2728"]
[TimeControl "180+2"]
[EndTime "13:25:14 PST"]
[Termination "DeviatkinAndrey won by resignation"]

1. e4 c6 2. d3 d5 3. Nd2 Nf6 4.
g3 Bg4 5. Be2 Bxe2 6. Qxe2 e6 7.
Ngf3 Nbd7 8. O-O Qb6 9. b3 Be7 10. Bb2 O-O 11. Kg2 h6 12. h3 Rfe8 13. e5 Nh7 14. Nh2 c5 15. f4 Qc6 16. Qf3 Rac8 17. a4 b6 18. Ng4 Rf8 19. Rae1 a6 20. Kh2 b5 21. axb5 axb5 22. f5 Ng5 23. Qg2 exf5 24. Ne3 d4 25. Nxf5 Qxg2+ 26. Kxg2 Rfe8 27. h4 Ne6 28. Ne4 Rc6 29. Ned6 Bxd6 30. Nxd6 Rb8 31.
Nxf7 Rf8 32. Nd6 Rxf1 33. Kxf1 Nxe5 34. Nxb5 Ng4 35. Bc1 Kf7 36. Na3 h5 37. Nc4 Kf6 38.
Kg2 Ra6 39. Bb2 Nc7 40. b4 cxb4 41. Bxd4+ Kg6 42. Ra1 Re6 43. Ra7 Ne8 44. Kf3 Nh2+ 45. Kf4 Ng4 46. Ne5+ Nxe5 47. Bxe5 Nf6 48. Bxf6 Rxf6+ 49. Ke3 Re6+ 50. Kd2 Rf6 51. Rb7 Rf2+ 52. Kc1 Rf1+ 53. Kb2 Rf3 54. Rxb4 Rxg3 55. Re4 Kf5 56. Kc3 Rg4 57. Kd4 Rg1 58. Re5+ Kg6 59. c4 Rg4+ 60. Re4 Rg1 61. c5 Kf6 62. Kd5 g5 63.
hxg5+ Rxg5+ 64. Kd6 Rg8 65. Kc7 Rh8 66. c6 h4 67. Kb7 h3 68. Re1 Rh4 69. c7 Rb4+ 70.
Kc6 Rb1 71. Rxb1 1-0

[Event "*** Titled Tuesday Blitz"]
[Site "Chess.com"]
[Date "2018.12.04"]
[Round "2"]
[White "mjray79"]
[Black "Oligan22"]
[Result "1/2-1/2"]
[WhiteElo "2160"]
[BlackElo "2263"]
[TimeControl "180+2"]
[EndTime "13:25:18 PST"]
[Termination "Game drawn by repetition"]

1. d4 d5 2. Nf3 Nf6 3. c4 dxc4 4. e3 e6 5. Bxc4 c5 6. O-O a6 7. a4 Nc6 8. Nc3 Be7 9. b3 O-O 10. Bb2 Qc7 11. d5 exd5 12. Nxd5 Nxd5 13. Bxd5 Nb4 14. Bc4 Bg4 15. h3 Bh5 16. Be2 Rfd8 17. Qb1 Bg6 18. Qc1 Nd3 19. Bxd3 Bxd3 20. Re1 Be4 21. Ne5 Bf6 22. Ng4 Bxb2 23. Qxb2 Re8 24. Rac1 h5 25. Nh2 Rac8 26. Nf1 Qe7 27. Ng3 h4 28. Nxe4 Qxe4 29.
Rc4 Qe7 30. Rg4 f5 31. Rc4 Rc6 32. Qc2 b5 33. Rf4 g6 34. axb5 axb5 35. e4 Qg5 36.
Rf3 Rce6 37. Rfe3 fxe4 38. Rxe4 Qf5 39. f3 Rxe4 40. fxe4 Qe5 41. Qf2 Qd4 42. Qxd4 cxd4 43. Kf2 Rc8 44. Rd1 Rc3 45. Rxd4 Rxb3 46. e5 Kf7 47. Rxh4 Ke6 48. Rh6 Kf5 49. e6 Kxe6 50.
Rxg6+ Kf5 51. Rb6 Ke4 52. h4 Kf4 53. h5 Kg5 54. h6 Rb2+ 55. Kg3 Rb3+ 56. Kh2 Rb4 57.
g3 Rb2+ 58. Kh3 Rb1 59. Kg2 Rb2+ 60. Kf3 Rh2 61. Rxb5+ Kxh6 62. Rb8 Ra2 63. Kg4 Ra4+ 64. Kh3 Kg5 65. Rg8+ Kh6 66. g4 Ra1 67. Rb8 Rh1+ 68. Kg3 Ra1 69. Rb6+ Kg5 70. Rb5+ Kg6 71. Kf4 Ra4+ 72.
Kg3 Ra1 73. Rb6+ Kg5 74. Rb5+ Kg6 75. Rb4 Kg5 76. Rb5+ Kg6 1/2-1/2

[Event "*** Titled Tuesday Blitz"]
[Site "Chess.com"]
[Date "2018.12.04"]
[Round "2"]
[White "robbykevlishvili"]
[Black "Tjktiger"]
[Result "1/2-1/2"]
[WhiteElo "2731"]
[BlackElo "2662"]
[TimeControl "180+2"]
[EndTime "13:25:19 PST"]
[Termination "Game drawn - insufficient material"]

1. e4 c5 2. Nf3 g6 3. d4 cxd4 4. Nxd4 Bg7 5. c4 Nc6 6. Be3 Qb6 7. Nb3 Qd8 8. Nc3 Bxc3+ 9. bxc3 Nf6 10. f3 d6 11. Be2 O-O 12. O-O b6 13. Qd2 Qc7 14. Nd4 Na5 15. Bh6 Rd8 16. Nb5 Qc5+ 17. Qd4 Be6 18. Qxc5 bxc5 19. Nc7 Rab8 20. Nd5 Bxd5 21. cxd5 Rb2 22. Bd3 c4 23. Rfb1 Rdb8 24. Rxb2 Rxb2 25. Rb1 Rxb1+ 26. Bxb1 e6 27. dxe6 fxe6 28. Kf2 e5 29. Be3 a6 30. Bc2 Kf7 31. Ba4 Ke7 32. Bb6 Nb7 33.
Ke3 Nd7 34. Ba7 Nbc5 35. Bc6 Nd3 36. Bd5 Nf4 37. Bxc4 Nxg2+ 38. Kf2 Nf4 39. Bxa6 Nc5 40. Bb5 Kd8 41. Bb6+ Kc8 42. a4 h5 43. a5 Kb7 44.
Bd8 d5 45. Be7 Nb3 46. exd5 Nxd5 47. Bb4 Nxb4 48. cxb4 Nd4 49. Bd3 g5 50. b5 Nb3 51.
Be4+ Ka7 52. b6+ Ka6 53. b7 Ka7 54. Bd5 Nxa5 55. Ke3 Nxb7 56. Bxb7 Kxb7 57. h3 Kc6 58. Ke4 Kd6 59. Kf5 g4 60. fxg4 hxg4 61. hxg4 e4 62.
Kxe4 Ke6 63. Kf4 Kf6 64. Kg3 Kg5 65. Kh3 Kg6 66. Kh4 Kh6 67. Kg3 Kg5 68. Kf3 Kg6 69.
Kf4 Kf6 70. g5+ Kg6 71. Kg4 Kg7 72. Kf5 Kf7 73. Kf4 Kg6 74. Kg4 Kg7 75. Kh5 Kh7 76. Kh4 Kg6 77. Kg4 Kg7 78. Kf5 Kf7 79. Ke5 Kg6 80.
Kf4 Kg7 81. Kf5 Kf7 82. Kg4 Kg6 83. Kh4 Kg7 84. Kh5 Kh7 85. g6+ Kg7 86. Kg5 Kg8 87. Kh6 Kh8 88. Kg5 Kg7 89. Kf5 Kg8 90. Kf6 Kf8 91. Kg5 Kg7 92. Kh5 Kg8 93. Kh6 Kh8 94. Kg5 Kg7 95. Kf5 Kg8 96. Kg4 Kg7 97. Kh5 Kg8 98.
Kh6 Kh8 99. g7+ Kg8 100. Kh5 Kh7 101. g8=B+ 1/2-1/2

[Event "*** Titled Tuesday Blitz"]
[Site "Chess.com"]
[Date "2018.12.04"]
[Round "2"]
[White "Shahinyan_ChessMood"]
[Black "Durarbayli"]
[Result "1/2-1/2"]
[WhiteElo "2669"]
[BlackElo "2702"]
[TimeControl "180+2"]
[EndTime "13:25:29 PST"]
[Termination "Game drawn by repetition"]

1. c4 c5 2. Nc3 Nc6 3. g3 g6 4. Bg2 Bg7 5. e4 e6 6. Nge2 Nge7 7. O-O O-O 8. d3 b6 9. Rb1 Bb7 10. a3 d6 11. b4 Qd7 12. b5 Na5 13. Bg5 h6 14.
Bd2 d5 15. exd5 exd5 16. Nxd5 Nxd5 17. cxd5 Bxd5 18. Bxd5 Qxd5 19. Bxa5 bxa5 20. Qc2 Rfd8 21. Rfd1 h5 22. Qc4 Qf3 23. Qe4 Qxe4 24. dxe4 a4 25.
Nf4 Rxd1+ 26. Rxd1 Bb2 27. Nd5 Rb8 28. Rd2 Bxa3 29. Ra2 Bb4 30. Rxa4 Rxb5 31. Rxa7 c4 32. Rc7 Rc5 33. Rxc5 Bxc5 34. Kf1 Kg7 35. Ke2 Bd4 36.
f3 g5 37. Ne3 Kf6 38. Nxc4 Bg1 39. h3 Ba7 40. Ne3 Bb8 41. Nf5 Bc7 42. g4 hxg4 43. hxg4 Ke5 44. Ne3 Bb8 45. Nd5 f6 46. Ne3 Ba7 47. Nc4+ Ke6 48. Kd3 Bg1 49. Nd2 Ke5 50.
Nc4+ Ke6 51. Ne3 Bf2 52. Nc4 Ba7 53. Kc3 Bc5 54. Kb3 Bf8 55. Ka4 Bc5 56. Kb5 Bd4 57.
Kc6 Bc3 58. Kc5 Be1 59. Nb2 Bf2+ 60. Kc4 Bb6 61. Nd3 Be3 62. Nb4 Bc1 63. Kd4 Bb2+ 64.
Kd3 Ba3 65. Nd5 Ke5 66. Ne3 Bc5 67. Nc4+ Ke6 68. e5 f5 69. Ne3 Bxe3 70. Kxe3 fxg4 71.
fxg4 Kxe5 72. Kf3 Kd4 73. Kf2 Kd3 74. Kf3 Kd4 75. Kf2 Ke4 76. Ke2 Ke5 77. Ke3 Kd5 78. Kd3 Ke5 79. Ke3 Kd5 80. Kd3 Ke5 81. Ke3 Kd5 82. Kd3 Ke5 83. Ke3 Kd5 1/2-1/2